 Dungeon Crawl Stone Soup version 0.29-a0-398-ge13fd1374b (webtiles) character file.

Game seed: 7047751836471658591

1951 spaghetti the Grappler (level 9, -10/66 HPs)
             Began as a Vine Stalker Berserker on May 12, 2022.
             Was a Priest of Trog.
             Mangled by a hornet (11 damage)
             ... on level 7 of the Dungeon.
             The game lasted 00:10:00 (5757 turns).

spaghetti the Grappler (Vine Stalker Berserker)     Turns: 5757, Time: 00:10:00

Health: -10/66     AC:  5    Str: 24    XL:     9   Next: 18%
Magic:  0/10       EV: 12    Int:  7    God:    Trog [***...]
Gold:   545        SH:  0    Dex: 14    Spells: 8/8 levels left

rFire   . . .      SeeInvis .     - Unarmed
rCold   . . .      Faith    .   (no shield)
rNeg    + . .      Spirit   +   o - +2 robe {rN+}
rPois   .          Reflect  .   (no helmet)
rElec   .          Harm     .   C - +0 cloak
rCorr   .          Rampage  .   (no gloves)
Will    +....                   (no boots)
Stlth   ..........              (no amulet)
HPRegen 1.01/turn               (no ring)
MPRegen 0.12/turn               (no ring)

@: berserking (expiring), lethally poisoned (-10 -> -18), slowed
A: fangs 3, regeneration 1, magic shield, antimagic bite, no potion heal 2
a: Renounce Religion, Berserk, Trog's Hand


You were on level 7 of the Dungeon.
You worshipped Trog.
Trog was most pleased with you.
You visited 1 branch of the dungeon, and saw 7 of its levels.

You collected 571 gold pieces.
You spent 26 gold pieces at shops.


Innate Abilities, Weirdness & Mutations

You have razor-sharp teeth.
Your natural rate of healing is unusually fast.
When hurt, damage is shared between your health and your magic reserves.
Your bite disrupts and absorbs the magic of your enemies.
Potions cannot restore your health.


   Skills:
 + Level 3.0 Fighting
 - Level 1.5 Armour
 - Level 1.5 Dodging
 - Level 12.0 Unarmed Combat


You had 8 spell levels left.
You didn't know any spells.
Your spell library contained the following spells:

 Spells                   Type           Power      Damage    Failure   Level
 Freeze                   Ice            0%         1d3       43%         1
 Call Canine Familiar     Summ           0%         N/A       80%         3
 Frozen Ramparts          Ice            0%         1d2       80%         3
 Gell's Gravitas          Tloc           0%         N/A       80%         3
 Lesser Beckoning         Tloc           0%         N/A       80%         3
 Portal Projectile        Hex/Tloc       0%         N/A       80%         3
 Teleport Other           Tloc           0%         N/A       80%         3
 Tukima's Dance           Hex            0%         N/A       80%         3
 Hailstorm                Conj/Ice       0%         3d3       99%         4
 Leda's Liquefaction      Hex/Erth       0%         N/A       99%         4
 Passage of Golubria      Tloc           0%         N/A       99%         4
 Yara's Violent Unravell  Hex/Tmut       0%         3d3       100%        5

Inventory:

Missiles
 i - 254 stones (quivered) {throwing}
 l - a throwing net {=f!fthrowing}
 p - 34 poisoned darts {throwing}
 y - 11 boomerangs {throwing}
 H - 2 javelins {throwing}
Armour
 a - a +0 animal skin
 o - a +2 robe of positive energy (worn)
   (You took it off Jessica on level 2 of the Dungeon)
 C - a +0 cloak (worn)
   (You found it on level 5 of the Dungeon)
 I - the +2 ring mail "Hoept" {Contam rN+ Regen+ Int+2}
   (You found it on level 7 of the Dungeon)

   Int:       It affects your intelligence (+2).
   rN:        It protects you from negative energy.
   Contam:    It causes magical contamination when unequipped.
   Regen:     It increases your rate of health regeneration.
Jewellery
 c - a ring of resist corrosion
   (You found it on level 1 of the Dungeon)
 E - an amulet of guardian spirit
   (You found it on level 5 of the Dungeon)
Wands
 G - a wand of digging (6)
   (You found it on level 6 of the Dungeon)
Scrolls
 b - 3 scrolls of teleportation {@r4}
 d - a scroll of immolation {!r!r}
 e - a scroll of brand weapon
 f - 2 scrolls of poison {!r}
 g - 2 scrolls of noise {!r}
 j - a scroll of amnesia
 k - 2 scrolls of magic mapping {!r}
 n - a scroll of enchant weapon
 q - a scroll of acquirement
 r - 2 scrolls of fog {unknown}
 t - a scroll of summoning {unknown}
 v - a scroll of enchant armour {unknown}
 x - a scroll of fear {unknown}
 A - a scroll of blinking {unknown}
 D - a scroll of vulnerability {unknown}
Potions
 h - 3 potions of berserk rage {unknown}
 m - 3 potions of flight {unknown}
 s - 4 potions of curing {unknown}
 u - a potion of might {unknown}
 w - 3 potions of lignification {unknown}
 z - a potion of heal wounds {@q2}
 F - a potion of haste {unknown}
Miscellaneous
 B - a piece from Xom's chessboard (15/15)
   (You found it on level 6 of the Dungeon)

Dungeon Overview and Level Annotations

Branches:
Dungeon (7/15)             Temple (0/1) D:6

Altars:
Trog
Xom
Yredelemnul

Shops:
D:3

* (.... ..... ... ..(...
.[.. .(.. #.... ...#
###.....
##?.##..........
#..y............
#...@...........
##......##.....
#........##...
.#..........#.+########
#
.....#.........#........
#. ....#.........#.+ #..
#..##.........#.#
#..##...#......##.#.#
####........##...#..#.#


You could see a hornet.


Message History

No target in view!
No target in view!
No target in view!
No target in view!
No target in view!
No target in view!
You see here an iguana corpse.
i - 220 stones {throwing} (gained 1)
i - 221 stones {throwing} (gained 1)
i - 222 stones {throwing} (gained 1)
i - 223 stones {throwing} (gained 1)
i - 224 stones {throwing} (gained 1)
i - 238 stones {throwing} (gained 14) Key pressed, stopping explore.
You see here an iguana corpse.
There is an open door here.
i - 257 stones {throwing} (gained 19) Key pressed, stopping explore.
A hornet comes into view.
The hornet buzzes angrily.
A hornet is nearby!
You throw a stone {throwing}.
The stone {throwing} hits the hornet but does no damage.
You throw a stone {throwing}.
The stone {throwing} hits the hornet but does no damage.
You throw a stone {throwing}. The stone {throwing} misses the hornet.
The hornet stings you!
You feel yourself slow down. 😮 HP[-11] MP[-2]
You take 11 damage, and now have 33/44 hp.
MASSIVE DAMAGE!! (PAUSE)
You lost 2 mp, and now have 8/10 mp.
Unknown command.
A red film seems to cover your vision as you go berserk!
You feel yourself moving faster!
You feel mighty! The hornet stings you!
You are poisoned.
You feel as though you will be slow longer.
The hornet closely misses you. 😮 HP[+7] MP[-1]
You now have 66 max hp (+22).
You regained 7 hp, and now have 40/66 hp.
You lost 1 mp, and now have 7/10 mp.
Unknown command.
Unknown command.
You punch the hornet!
You feel sick.
The hornet stings you but does no damage. 😮 HP[-1]
You take 1 damage, and now have 39/66 hp.
You closely miss the hornet.
You feel sick. The hornet stings you!
* * * LOW HITPOINT WARNING * * *
You feel as though you will be slow longer. 😨 HP[-6] MP[-2]
You take 6 damage, and now have 33/66 hp.
You lost 2 mp, and now have 5/10 mp.
You miss the hornet.
You feel sick. The hornet misses you. 😨 HP[-1]
You take 1 damage, and now have 32/66 hp.
You closely miss the hornet. The hornet closely misses you.
The hornet stings you!
* * * LOW HITPOINT WARNING * * *
You are more poisoned.
You feel as though you will be slow longer. 😨 HP[-6] MP[-1]
You take 6 damage, and now have 26/66 hp.
You lost 1 mp, and now have 4/10 mp.
Unknown command.
You miss the hornet. Your bite misses the hornet.
You feel very sick. The hornet stings you.
* * * LOW HITPOINT WARNING * * *
You feel as though you will be slow longer. 😨 HP[-8]
You take 8 damage, and now have 18/66 hp.
You punch the hornet! You bite the hornet. You drain its power.
You feel invigorated.
You feel very sick. The hornet stings you!
* * * LOW HITPOINT WARNING * * *
You feel as though you will be slow longer. 😱 HP[-7] MP[+3]
You take 7 damage, and now have 11/66 hp.
You regained 3 mp, and now have 7/10 mp.
You barely miss the hornet.
You feel sick. The hornet misses you.
You miss the hornet. You bite the hornet. You drain its power.
You feel invigorated.
You feel sick. The hornet stings you.
* * * LOW HITPOINT WARNING * * *
You are lethally poisoned!
You feel as though you will be slow longer. 😱 HP[-3] MP[+2]
You take 3 damage, and now have 8/66 hp.
You regained 2 mp, and now have 9/10 mp.
Unknown command.
You completely miss the hornet.
* * * LOW HITPOINT WARNING * * *
You feel very sick. The hornet stings you!
* * * LOW HITPOINT WARNING * * *
You feel as though you will be slow longer.
The hornet stings you!
You die...

Skill      XL: |  1  2  3  4  5  6  7  8  9 |
---------------+----------------------------+-----
Unarmed Combat | 4 5 6 7 9 11 12 | 12.0
Fighting       | 3 |  3.0
Armour         | |  1.5
Dodging        | |  1.5

Action                   |  1- 3 |  4- 6 |  7- 9 || total
-------------------------+-------+-------+-------++-------
Melee: Unarmed           |    59 |    76 |   163 ||   298
       Bite              |     8 |    15 |    46 ||    69
       Punch             |     3 |     3 |    12 ||    18
Throw: Stone             |    39 |    99 |   120 ||   258
       Throwing net      |       |       |     1 ||     1
Invok: Berserk           |     3 |     3 |     9 ||    15
       Trog's Hand       |       |     1 |     2 ||     3
  Use: Scroll            |       |     4 |     5 ||     9
Armor: Animal skin       |    16 |     1 |       ||    17
       Robe              |       |     6 |    32 ||    38
Dodge: Dodged            |    34 |    24 |    84 ||   142

Levels and vault maps discovered:
D:1:      sevenhm_arrival_forest_fort_large_4, layout_basic,
          grunt_decor_fettered
D:2:      layout_loops_corners, nicolae_grassy_gnolls, uniq_jessica
D:3:      layout_rooms, lemuel_tele_altar, serial_shops, nicolae_shop_stone
D:4:      layout_basic, minmay_gold_behind_fungi,
          chequers_serial_rivers_micro_e, minmay_statues_item,
          minmay_misc_feat_more_columns, hangedman_decor_clover_reticule,
          uniq_duvessa
D:5:      layout_loops_ring, nicolae_overflow_crystal_walls,
          kennysheep_nondescript, uniq_blork_the_orc, uniq_edmund
D:6:      layout_basic, xom_butterflies, minmay_temple_entry_sparse_star
D:7:      layout_cave_pools, minivault_11, kennysheep_cross_bottleneck

Notes
Turn   | Place    | Note
-------+----------+-------------------------------------------
     0 | D:1      | spaghetti the Vine Stalker Berserker began the quest for
                  | the Orb.
     0 | D:1      | Reached XP level 1. HP: 11/11 MP: 2/2
     0 | D:1      | magus.rc [v1.9.6]
    36 | D:1      | magus.rc [v1.9.6]
   177 | D:1      | Reached XP level 2. HP: 14/16 MP: 3/3
   970 | D:2      | Reached skill level 4 in Unarmed Combat
   970 | D:2      | Reached XP level 3. HP: 19/19 MP: 4/4
  1554 | D:2      | Gained mutation: Your natural rate of healing is unusually
                  | fast. [Vine Stalker growth]
  1554 | D:2      | Reached XP level 4. HP: 21/23 MP: 2/5
  1744 | D:2      | Noticed Jessica
  1751 | D:2      | Killed Jessica
  1751 | D:2      | Reached ** piety under Trog
  1752 | D:2      | Reached skill level 5 in Unarmed Combat
  2235 | D:3      | Found Dyjuc's Assorted Antiques.
  2240 | D:3      | Bought a scroll labelled VAGATIW GO HYT for 26 gold pieces
  2296 | D:3      | Found a basalt altar of Yredelemnul.
  2308 | D:3      | You pick up a book of Displacement {forbidden} and begin
                  | reading...
  2308 | D:3      | You add the spells Lesser Beckoning, Gell's Gravitas and
                  | Teleport Other to your library.
  2420 | D:3      | Reached XP level 5. HP: 27/27 MP: 4/6
  2676 | D:3      | Noticed an ogre
  2685 | D:3      | HP: 5/27 [ogre/+0 giant club (22)]
  2687 | D:3      | Killed an ogre
  2688 | D:3      | Reached skill level 6 in Unarmed Combat
  2688 | D:3      | Reached XP level 6. HP: 11/32 MP: 1/7
  2792 | D:4      | Reached skill level 7 in Unarmed Combat
  2956 | D:4      | Noticed Duvessa
  2957 | D:4      | Noticed Dowan
  2966 | D:4      | Killed Duvessa
  2972 | D:4      | Killed Dowan
  2973 | D:4      | Reached XP level 7. HP: 24/35 MP: 1/8
  3235 | D:4      | Reached skill level 8 in Unarmed Combat
  3708 | D:4      | You pick up a book of Frost {forbidden} and begin
                  | reading...
  3708 | D:4      | You add the spells Freeze, Frozen Ramparts and Hailstorm to
                  | your library.
  3744 | D:5      | Entered Level 5 of the Dungeon
  3966 | D:5      | You add the spells Tukima's Dance, Passage of Golubria and
                  | Yara's Violent Unravelling to your library.
  4046 | D:5      | Noticed Blork the orc
  4054 | D:5      | Killed Blork the orc
  4055 | D:5      | Reached skill level 9 in Unarmed Combat
  4055 | D:5      | Noticed Edmund
  4060 | D:5      | Gained mutation: You have razor-sharp teeth. [Vine Stalker
                  | growth]
  4060 | D:5      | Reached XP level 8. HP: 39/39 MP: 9/9
  4073 | D:5      | Killed Edmund
  4106 | D:5      | Reached skill level 10 in Unarmed Combat
  4112 | D:5      | Found a bloodstained altar of Trog.
  4551 | D:6      | You pick up a book of the Hunter {forbidden} and begin
                  | reading...
  4551 | D:6      | You add the spells Call Canine Familiar, Portal Projectile
                  | and Leda's Liquefaction to your library.
  4580 | D:6      | Found a staircase to the Ecumenical Temple.
  4690 | D:6      | Found a shimmering altar of Xom.
  4891 | D:6      | Reached skill level 11 in Unarmed Combat
  5372 | D:6      | Reached XP level 9. HP: 43/43 MP: 10/10
  5656 | D:7      | Reached skill level 12 in Unarmed Combat
  5686 | D:7      | Identified the +2 ring mail "Hoept" {Contam rN+ Regen+
                  | Int+2}
  5705 | D:7      | Reached *** piety under Trog
  5706 | D:7      | Reached skill level 3 in Fighting
  5744 | D:7      | Noticed a hornet
  5754 | D:7      | HP: 16/66 [poisoned by a hornet]
  5757 | D:7      | HP: 4/66 [poisoned by a hornet]
  5757 | D:7      | HP: 1/66 [hornet (3)]
  5757 | D:7      | Mangled by a hornet

Vanquished Creatures
  Edmund (D:5)
  Duvessa (D:4)
  2 water moccasins
  2 black bears
  5 ogres
  A kobold brigand (D:6)
  Blork the orc (D:5)
  2 scorpions (D:5)
  Dowan (D:4)
  4 hounds
  A jelly (D:6)
  An orc priest (D:6)
  A gnoll shaman (D:4)
  Jessica (D:2)
  An iguana (D:7)
  4 orc wizards
  14 gnolls
  3 adders
  2 white imps (D:6)
  A worm (D:3)
  15 orcs
  5 bats
  10 endoplasms
  2 giant cockroaches (D:2)
  6 goblins
  8 hobgoblins
  2 quokkas
  5 ball pythons
  5 frilled lizards
  9 kobolds
  3 rats
119 creatures vanquished.

Vanquished Creatures (others)
  11 plants (D:2)
  3 toadstools (D:4)
14 creatures vanquished.

Grand Total: 133 creatures vanquished

Table legend:
 A = Non-vault XP
 B = Vault XP
 C = Vault XP percentage of total XP
 D = Non-vault monster count
 E = Vault monster count
 F = Vault count percentage of total count
                 A         B        C        D         E       F
            +---------+---------+-------+---------+---------+-------
      Total |    2240 |     548 |  19.7 |     111 |       8 |   6.7
            +---------+---------+-------+---------+---------+-------
        D:1 |      19 |       0 |   0.0 |      11 |       0 |   0.0
        D:2 |      49 |      79 |  61.7 |      20 |       4 |  16.7
        D:3 |     183 |       0 |   0.0 |      19 |       0 |   0.0
        D:4 |     300 |     209 |  41.1 |      19 |       2 |   9.5
        D:5 |     696 |     260 |  27.2 |      11 |       2 |  15.4
        D:6 |     794 |       0 |   0.0 |      29 |       0 |   0.0
        D:7 |     199 |       0 |   0.0 |       2 |       0 |   0.0
            +---------+---------+-------+---------+---------+-------

Illustrated notes

Table legend:
 A = Kills in this place as a percentage of kills in entire the game.
 B = Kills by you in this place as a percentage of kills by you in the entire game.
 C = Kills by friends in this place as a percentage of kills by friends in the entire game.
 D = Other kills in this place as a percentage of other kills in the entire game.
 E = Experience gained in this place as a percentage of experience gained in the entire game.
 F = Experience gained in this place divided by the number of levels of this place that you have seen.
                   A       B       C       D       E      F
               +-------+-------+-------+-------+-------+----------------------
         Total | 100.0 | 100.0 |   N/A |   N/A | 100.0 | 398.3
       Dungeon | 100.0 | 100.0 |   N/A |   N/A | 100.0 | 398.3
               +-------+-------+-------+-------+-------+----------------------

Table legend: (Time is in decaauts)
 A = Elapsed time spent in this place.
 B = Non-inter-level travel time spent in this place.
 C = Inter-level travel time spent in this place.
 D = Time resting spent in this place.
 E = Time spent auto-exploring this place.
 F = Levels seen in this place.
 G = Mean time per level.
                   A        B        C        D        E       F      G
               +--------+--------+--------+--------+--------+-----+--------+
         Total |   5871 |   5667 |    204 |    420 |   4362 |   7 |  838.7 |
       Dungeon |   5871 |   5667 |    204 |    420 |   4362 |   7 |  838.7 |
               +--------+--------+--------+--------+--------+-----+--------+

Top non-repeatable levels by time:
     D:2: 1331 daAuts
     D:6: 1147 daAuts
     D:4: 989 daAuts
     D:1: 892 daAuts
     D:5: 790 daAuts
     D:3: 602 daAuts
     D:7: 118 daAuts
